 Dungeon Crawl Stone Soup version 0.30-a0-996-ga6910c8ee8 (webtiles) character file.

Game seed: 1264038059399189550

445 cheesebisquit the Trooper (level 7, -5/53 HPs)
             Began as a Djinni Fire Elementalist on Apr 4, 2023.
             Slain by a gnoll
             ... wielding a +0 spear
              (7 damage)
             ... on level 4 of the Dungeon.
             The game lasted 00:12:25 (3516 turns).

cheesebisquit the Trooper (DjFE)                    Turns: 3516, Time: 00:12:25

Health: -5/53      AC:  3    Str:  7    XL:     7   Next: 23%
Gold:   159        EV: 12    Int: 25    God:
                   SH:  0    Dex: 13

rFire   + + .      SeeInvis .    e - +2 whip (freeze)
rCold   x . .      Faith    .    (no shield)
rNeg    . . .      Spirit   .    a - +0 robe
rPois   ∞          Reflect  .    (no helmet)
rElec   .          Rampage  .    k - +0 cloak
rCorr   .                        (no gloves)
Will    .....                    (boots unavailable)
Stlth   ++                       (no amulet)
HPRegen 0.28/turn                j - +6 ring of intelligence
MPRegen 0.00/turn                y - +4 ring of slaying

@: mighty, brilliant, flying
A: sickness immunity, fire resistance 2, cold vulnerability 1, float, innate
caster, HP casting, extra vitality 1
a: no special abilities


You were on level 4 of the Dungeon.
You visited 2 branches of the dungeon, and saw 5 of its levels.
You also visited: Sewer.

You collected 159 gold pieces.

Inventory:

Hand Weapons
 e - a +2 whip of freezing (weapon)
Missiles
 g - 6 poisoned darts
 l - 5 boomerangs
 p - 3 atropa-tipped darts
Armour
 a - a +0 robe (worn)
 k - a +0 cloak (worn)
Jewellery
 j - a +6 ring of intelligence (left hand)
 y - a +4 ring of slaying (right hand)
Scrolls
 b - a scroll of poison {unknown}
 d - a scroll of enchant weapon {unknown}
 q - 2 scrolls of teleportation {unknown}
 r - a scroll of vulnerability {unknown}
 s - 2 scrolls of identify {unknown}
 u - a scroll of silence {unknown}
 x - a scroll of noise {unknown}
 A - a scroll of fog {unknown}
Potions
 c - 2 potions of might
 f - a potion of attraction {unknown}
 h - a potion of degeneration {unknown}
 i - a potion of brilliance
 m - a potion of ambrosia {unknown}
 n - 2 potions of curing {unknown}
 o - 2 potions of haste {unknown}
 t - 2 potions of lignification {unknown}
 v - 2 potions of mutation {unknown}
 w - a potion of cancellation {unknown}
 z - a potion of heal wounds {unknown}


   Skills:
 + Level 4.7 Fighting
 - Level 2.1 Dodging
 - Level 1.5 Stealth
 + Level 4.5 Spellcasting


You knew the following spells:

 Your Spells              Type           Power      Damage    Failure   Level
a - Foxfire               Conj/Fire      100%       2x1d9     1%          1
b - Kiss of Death         Conj/Necr      100%       2d13      1%          1
c - Kindle Blastsparks    Fire/Tloc/Air  84%        2d17      4%          3
d - Inner Flame           Hex/Fire       42%        N/A       4%          3
e - Flame Wave            Conj/Fire      42%        2d11      14%         4
f - Ensorcelled Hibernat  Hex/Ice        84%        N/A       1%          2
g - Call Canine Familiar  Summ           42%        N/A       4%          3
z - Scorch                Fire           84%        2d9       1%          2
Your spell library was empty.

Dungeon Overview and Level Annotations

Branches:
Dungeon (4/15)             Temple (1/1) D:4           Sewer (visited)

Altars:
Fedhas
Gozag
Makhleb
Nemelex Xobeh
Okawaru
Qazlal
Ru
Trog
Uskayaw
Wu Jian
Xom
Yredelemnul
The Shining One


Innate Abilities, Weirdness & Mutations

You are immune to sickness and miasma.
You are immune to poison.
Your flesh is very heat resistant. (rF++)
You are vulnerable to cold. (rC-)
You float through the air rather than walking.
You learn spells naturally, not from books.
Your magical power is your life essence.
You have superior vitality. (+4 MHP)


Message History

You kill the gnoll!
The foxfire hits the gnoll!
The gnoll is almost dead.
The gnoll hits you from afar with a +0 spear.
The gnoll hits you with a +0 flail!
You are too injured to fight recklessly!
Casting: Foxfire (safe; 1% risk of failure)
Press: ? - help, Q - select action, (/) - cycle Dir - look around, f - activate You conjure some foxfire!
The gnoll hits you from afar with a +0 spear!
* * * LOW HITPOINT WARNING * * *
The gnoll hits you with a +0 whip.
* * * LOW HITPOINT WARNING * * *
The gnoll closely misses you.
Casting: Foxfire (safe; 1% risk of failure)
Confirm with . or Enter, or press ? or * to list all spells.
Flames lash the gnoll.
You kill the gnoll!
* * * LOW HITPOINT WARNING * * *
The foxfire hits the gnoll.
The gnoll is lightly wounded.
The foxfire hits the gnoll!
The gnoll is heavily wounded.
The gnoll hits you with a +0 whip.
* * * LOW HITPOINT WARNING * * *
The gnoll barely misses you.
Okay, then.
The gnoll attacks as you move away! The gnoll hits you with a +0 whip.
* * * LOW HITPOINT WARNING * * *
The gnoll hits you from afar with a +0 spear.
* * * LOW HITPOINT WARNING * * *
There is an open door here.
Okay, then.
It was a potion of might.
You feel very mighty all of a sudden. The gnoll completely misses you.
The gnoll closely misses you.
It was a potion of brilliance.
You feel clever all of a sudden.
The gnoll hits you from afar with a +0 spear!
You die...

##.....##
##.......##
#.........#
+.........+
#...).....#
#.......# #g.)..#
#.g.# ##@## #.#
#.# ##.## ##...##
#.....#
..####...########
.......^.........
#####...########


You could see 2 gnolls.

Vanquished Creatures
  A black bear (D:4)
  An ogre (D:4)
  A jelly (D:4)
  An orc wizard (D:3)
  7 adders
  2 gnolls (D:4)
  4 river rats
  3 worms
  A dart slug (D:3)
  2 orcs (D:3)
  4 ball pythons
  5 endoplasms
  6 giant cockroaches
  4 goblins
  5 hobgoblins
  6 quokkas
  5 bats
  14 frilled lizards
  10 kobolds
  18 rats
100 creatures vanquished.

Vanquished Creatures (others)
  211 foxfires
  6 plants (D:2)
217 creatures vanquished.

Grand Total: 317 creatures vanquished

Notes
Turn   | Place    | Note
-------+----------+-------------------------------------------
     0 | D:1      | cheesebisquit the Djinni Fire Elementalist began the quest
                  | for the Orb.
     0 | D:1      | cheesebisquit set off with the following spells memorised:
                  | Foxfire, Scorch, Kindle Blastsparks, Inner Flame, Flame
                  | Wave.
     0 | D:1      | Reached XP level 1. HP: 15/15 MP: 0/0
   382 | D:1      | Reached XP level 2. HP: 21/22 MP: 0/0
   393 | D:1      | Reached skill level 1 in Fighting
   782 | D:2      | Reached XP level 3. HP: 14/28 MP: 0/0
   782 | D:2      | Learned a level 1 spell: Kiss of Death
  1494 | D:3      | Reached XP level 4. HP: 32/33 MP: 0/0
  1916 | D:3      | Reached XP level 5. HP: 40/40 MP: 0/0
  1916 | D:3      | Learned a level 2 spell: Ensorcelled Hibernation
  1944 | D:3      | Found a glowing drain.
  1964 | Sewer    | Entered a sewer
  2713 | D:3      | Reached XP level 6. HP: 42/46 MP: 0/0
  3025 | D:4      | Found a staircase to the Ecumenical Temple.
  3031 | Temple   | Entered the Ecumenical Temple
  3131 | D:4      | Found a sparkling altar of Nemelex Xobeh.
  3233 | D:4      | Noticed a black bear
  3237 | D:4      | Killed a black bear
  3258 | D:4      | Noticed an ogre
  3266 | D:4      | Killed an ogre
  3267 | D:4      | Reached XP level 7. HP: 50/53 MP: 0/0
  3267 | D:4      | Learned a level 3 spell: Call Canine Familiar
  3514 | D:4      | HP: 1/53 [gnoll/+0 spear (4)]
  3516 | D:4      | Slain by a gnoll

Illustrated notes

Levels and vault maps discovered:
D:1:      lightli_arrival_quake, layout_loops_cross
D:2:      layout_basic, serial_forest, infiniplex_forest_clump_small,
          infiniplex_forest_clump_C, infiniplex_forest_lined_2,
          infiniplex_forest_clump_cross, infiniplex_forest_straight_2,
          infiniplex_forest_zigzag_2, infiniplex_forest_clump_small,
          infiniplex_forest_lined_ring, infiniplex_forest_clump_small,
          infiniplex_forest_lined_corner, chequers_serial_rivers_large_a,
          grunt_ministairs_15, kennysheep_generic_room_7
D:3:      layout_basic, portal_sewer_entry_b
D:4:      layout_loops_corners, nemelex_xobeh_ov_fountains_minmay,
          jmf_multi_god_temple, minmay_temple_entry_hall
Temple:   zaba_magenta_temple

Skill      XL: |  1  2  3  4  5  6 |
---------------+-------------------+-----
Fighting       | 1 2 3 4 |  4.7
Spellcasting   | 3 4 |  4.5
Dodging        | |  2.1
Stealth        | |  1.5

Action                     |  1- 3 |  4- 6 |  7- 9 || total
---------------------------+-------+-------+-------++-------
  Melee: Whip              |    15 |    51 |       ||    66
         Punch             |     1 |       |       ||     1
   Cast: Foxfire           |    47 |    71 |    10 ||   128
         Scorch            |     1 |    13 |     4 ||    18
    Use: Potion            |       |       |     2 ||     2
   Stab: Sleeping          |       |     1 |       ||     1
 Armour: Robe              |     6 |    19 |       ||    25
  Dodge: Dodged            |    13 |    39 |     5 ||    57

Table legend: (Time is in decaauts)
 A = Elapsed time spent in this place.
 B = Non-inter-level travel time spent in this place.
 C = Inter-level travel time spent in this place.
 D = Time resting spent in this place.
 E = Time spent auto-exploring this place.
 F = Levels seen in this place.
 G = Mean time per level.
                   A        B        C        D        E       F      G
               +--------+--------+--------+--------+--------+-----+--------+
         Total |   3520 |   3402 |    118 |      0 |   2718 |   6 |  586.7 |
       Dungeon |   2913 |   2813 |    100 |      0 |   2278 |   4 |  728.2 |
        Temple |     73 |     55 |     18 |      0 |     50 |   1 |   73.0 |
         Sewer |    533 |    533 |      0 |      0 |    390 |   1 |  533.0 |
               +--------+--------+--------+--------+--------+-----+--------+

Top non-repeatable levels by time:
     D:3: 993 daAuts
     D:2: 853 daAuts
     D:1: 621 daAuts
   Sewer: 533 daAuts
     D:4: 444 daAuts
  Temple: 73 daAuts
